 Dungeon Crawl Stone Soup version 0.17.2-1-ge4368a0 (webtiles) character file.

4967 WereVolvo the Arsonist (level 10, -5/126 HPs)
             Began as a Deep Elf Fire Elementalist on Jan 12, 2018.
             Was a Believer of Vehumet.
             Slain by a polar bear (shapeshifter) (8 damage)
             ... on level 8 of the Dungeon.
             The game lasted 00:19:57 (9082 turns).

WereVolvo the Arsonist (Deep Elf Fire Elementalist) Turns: 9082, Time: 00:19:57

Health: -5/126     AC: 25    Str: 12    XL:     10   Next: 28%
Magic:  16/24      EV:  2    Int: 22    God:    Vehumet [**....]
Gold:   342        SH:  0    Dex: 19    Spells: 6 memorised, 10 levels left

rFire  . . .     SeeInvis .     b - +10 trident of Disorder {pain, +Inv}
rCold  . . .     Clarity  +     (armour currently unavailable)
rNeg   + + +     SustAt   .     (no shield)
rPois  +         Gourm    .     (helmet currently unavailable)
rElec  .         Spirit   .     (cloak currently unavailable)
rCorr  .         Warding  .     (gloves currently unavailable)
rMut   .         NoTele   +     (boots currently unavailable)
MR     +....                    (no amulet)
Stlth  ..........               (no ring)
                                n - +4 ring of dexterity

@: berserking, lethally poisoned (-5 -> -11), tree-form, very quick, somewhat
resistant to hostile enchantments, extremely unstealthy
A: clarity
a: Renounce Religion, Evoke Invisibility


You were on level 8 of the Dungeon.
You worshipped Vehumet.
Vehumet was pleased with you.
You were not hungry.
You were a tree.
You visited 2 branches of the dungeon, and saw 9 of its levels.

You collected 342 gold pieces.

Inventory:

Hand Weapons
 b - the +10 trident of Disorder (weapon) {pain, +Inv}
   (You found it on level 6 of the Dungeon)

   In the hands of one skilled in necromantic magic, it inflicts extra damage on
   living creatures.
   It lets you turn invisible.
Armour
 e - a +0 helmet (melded)
 k - a +0 pair of gloves (melded)
 p - a +1 pair of boots (melded)
 t - a +3 leather armour
 v - a +2 robe of the Archmagi (melded)
 y - a +0 cloak (melded)
Jewellery
 f - an uncursed ring of ice
 n - a +4 ring of dexterity (left branch)
Wands
 h - a wand of slowing (23)
Scrolls
 d - 3 scrolls of magic mapping
 q - 2 scrolls of remove curse
 r - 4 scrolls of teleportation
 u - 3 scrolls of enchant armour
Potions
 a - a potion of flight
 i - a potion of invisibility
 m - 2 potions of might
 o - a potion of haste
 s - a potion of agility
 w - a potion of resistance
Comestibles
 c - 3 bread rations
 g - 2 meat rations
 x - 6 fruits
 z - 9 royal jellies
 A - 2 chunks of flesh


   Skills:
 + Level 3.1 Fighting
 - Level 6.1 Dodging
 - Level 2.4 Stealth
 + Level 8.7 Spellcasting
 * Level 9.7 Conjurations
 * Level 10.1 Fire Magic


You had 10 spell levels left.
You knew the following spells:

 Your Spells              Type           Power        Failure   Level  Hunger
a - Flame Tongue          Conj/Fire      #####        1%          1    None
b - Throw Flame           Conj/Fire      ######       1%          2    None
c - Conjure Flame         Conj/Fire      ######..     1%          3    None
d - Sticky Flame          Conj/Fire      ######..     1%          4    ##.....
e - Fireball              Conj/Fire      ######....   3%          5    #####..
f - Magic Dart            Conj           ####         1%          1    None


Dungeon Overview and Level Annotations

Branches:
Dungeon (8/15)             Temple (1/1) D:6            Lair (0/8) D:8

Altars:
Ashenzari
Cheibriados
Dithmenos
Elyvilon
Fedhas
Kikubaaqudgha
Makhleb
Nemelex Xobeh
Okawaru
Qazlal
Ru
Sif Muna
Trog
Vehumet
Xom
The Shining One

Annotations:
D:5 Grinder


Innate Abilities, Weirdness & Mutations

You possess an exceptional clarity of mind.


Message History

The fire crab changes into a polar bear!!!
Casting: Sticky Flame
Confirm with ! or Enter, or press ? or * to list all spells!
Aiming: Sticky Flame
Press: ? - help, Shift-Dir - straight line, f/p - polar bear
Aim: a polar bear shaped shifter The sticky flame hits the polar bear!
The polar bear is moderately wounded!
The polar bear is covered in liquid flames!!!
You are engulfed in roaring flames! * * * don't die * * * x2
You feel sick!
The polar bear burns!!!
Huge Dmg: -22%(-19hp) hp: 3%(2hp) Drink which item? (? for menu, Esc to quit)
It was a potion of berserk rage!
A red film seems to cover your vision as you go berserk!!!
You feel yourself moving faster!!!
You feel mighty!!! * * * don't die
* * * You feel sick!
The polar bear burns!!!
The polar bear bites you!!! rip

..##..##...............#.....#...
.###..##...............#....)##..
## ######<...##.>......#..)÷.##..
#######........#....))...
#........#########..
#........##.....##..
#..#####..#.....#...
#.##h..##.#.....'... #.#♣#
#.#.....##.. #.#.# .#.#.....####
#.#.###.#.#.....#
#.##...##.#.....# #.
##'##..#.....# #....########
######


You could see a polar bear shaped shifter (burning).

Vanquished Creatures
  Pikel (D:8)
  Maurice (D:8)
  Psyche (D:8)
  2 spiny frogs (D:8)
  A porcupine (D:8)
  A wyvern (D:8)
  Menkaure (D:4)
  A soldier ant (D:8)
  A sky beast (D:8)
  2 spiders (D:8)
  3 orc warriors
  A necrophage (D:4)
  A black bear (D:7)
  2 phantoms
  An ice beast (D:5)
  A wasp (D:8)
  3 centaurs
  3 giant frogs
  A scorpion (D:7)
  3 killer bees (D:7)
  A centaur skeleton (D:7)
  4 crimson imps
  4 hounds
  3 orc wizards
  4 giant frog skeletons
  4 orc priests
  4 jellies
  Jessica (D:2)
  An iguana (D:7)
  3 worker ants
  A hound zombie (D:7)
  5 gnolls
  9 adders
  A shadow imp (D:5)
  An ooze (D:1)
  A worm (D:5)
  An adder skeleton (D:8)
  7 giant geckos
  27 orcs
  8 bats
  4 giant cockroaches
  10 goblins
  7 hobgoblins
  3 jackals (D:6)
  8 kobolds
  3 quokkas
  2 ball pythons (D:1)
  A giant cockroach zombie (D:6)
  A giant gecko skeleton (D:6)
  A giant gecko zombie (D:7)
  3 giant newts
  4 jackal skeletons
  A quokka skeleton (D:7)
  5 rats
174 creatures vanquished.

Vanquished Creatures (others)
  3 slaves (D:8)
  A crimson imp (D:5)
  A worker ant (D:8)
  An ooze (D:5)
6 creatures vanquished.

Grand Total: 180 creatures vanquished

Notes
Turn   | Place    | Note
--------------------------------------------------------------
     0 | D:1      | WereVolvo the Deep Elf Fire Elementalist began the quest for the Orb.
     0 | D:1      | Reached XP level 1. HP: 10/10 MP: 6/6
    44 | D:1      | Huge Dmg: 3 Dmg
    45 | D:1      | Huge Dmg: 3 Dmg
   365 | D:1      | Reached XP level 2. HP: 15/15 MP: 6/8
   372 | D:1      | Learned a level 2 spell: Throw Flame
   572 | D:1      | Huge Dmg: 5 Dmg
   602 | D:1      | Huge Dmg: 6 Dmg
   912 | D:1      | Reached XP level 3. HP: 19/19 MP: 6/10
   958 | D:1      | Learned a level 3 spell: Conjure Flame
  1518 | D:2      | Noticed Jessica
  1523 | D:2      | Killed Jessica
  1523 | D:2      | Reached skill level 4 in Fire Magic
  1619 | D:2      | Reached XP level 4. HP: 24/24 MP: 9/11
  2405 | D:3      | Learned a level 4 spell: Sticky Flame
  2585 | D:3      | Huge Dmg: 5 Dmg
  2585 | D:3      | Reached XP level 5. HP: 22/28 MP: 0/12
  2958 | D:4      | Noticed Menkaure
  2974 | D:4      | Huge Dmg: 22 Dmg
  2974 | D:4      | Killed Menkaure
  2974 | D:4      | Reached skill level 5 in Fire Magic
  2974 | D:4      | Reached XP level 6. HP: 6/32 MP: 5/14
  3595 | D:4      | Noticed a phantom
  3650 | D:4      | Killed a phantom
  3788 | D:4      | Noticed a necrophage
  3800 | D:4      | Killed a necrophage
  3800 | D:4      | Reached XP level 7. HP: 36/36 MP: 10/16
  3807 | D:4      | Learned a level 5 spell: Fireball
  4148 | D:5      | Entered Level 5 of the Dungeon
  4197 | D:5      | Huge Dmg: 14 Dmg
  4197 | D:5      | Reached skill level 6 in Fire Magic
  4270 | D:5      | Found a stormy altar of Qazlal.
  4446 | D:5      | Reached skill level 5 in Conjurations
  4471 | D:5      | Huge Dmg: 6 Dmg
  4481 | D:5      | Reached skill level 5 in Spellcasting
  4907 | D:5      | Noticed Grinder
  5150 | D:5      | Found an ancient bone altar of Kikubaaqudgha.
  5224 | D:5      | Huge Dmg: 8 Dmg
  5306 | D:5      | Found a bloodstained altar of Trog.
  5648 | D:5      | Huge Dmg: 6 Dmg
  5810 | D:5      | Reached skill level 5 in Dodging
  6078 | D:6      | Found an iron altar of Okawaru.
  6095 | D:6      | Found a white marble altar of Elyvilon.
  6246 | D:6      | Gained mutation: You possess an exceptional clarity of mind. [potion of beneficial mutation]
  6475 | D:6      | Found a staircase to the Ecumenical Temple.
  6488 | Temple   | Entered the Ecumenical Temple
  6503 | Temple   | Became a worshipper of Vehumet
  6897 | D:6      | Got a shimmering trident
  6898 | D:6      | Identified the +10 trident of Disorder {pain, +Inv} (You found it on level 6 of the Dungeon)
  6951 | D:6      | Reached XP level 8. HP: 41/41 MP: 18/18
  7012 | D:7      | Reached skill level 7 in Fire Magic
  7336 | D:7      | Reached skill level 8 in Fire Magic
  7338 | D:7      | Huge Dmg: 10 Dmg
  7340 | D:7      | Huge Dmg: 13 Dmg
  7489 | D:7      | Reached * piety under Vehumet
  7489 | D:7      | Offered knowledge of Magic Dart by Vehumet.
  7492 | D:7      | Learned a level 1 spell: Magic Dart
  7684 | D:7      | Reached XP level 9. HP: 45/45 MP: 21/21
  7691 | D:7      | Found a snail-covered altar of Cheibriados.
  7874 | D:8      | Reached skill level 1 in Fighting
  7877 | D:8      | Huge Dmg: 11 Dmg
  7885 | D:8      | Huge Dmg: 13 Dmg
  7922 | D:8      | Huge Dmg: 4 Dmg
  7923 | D:8      | Noticed Maurice
  7924 | D:8      | Noticed Psyche
  8028 | D:8      | Noticed Pikel
  8033 | D:8      | Killed Pikel
  8105 | D:8      | Noticed a spiny frog
  8203 | D:8      | Killed a spiny frog
  8203 | D:8      | Reached skill level 9 in Fire Magic
  8331 | D:8      | Noticed a spiny frog
  8335 | D:8      | Reached ** piety under Vehumet
  8335 | D:8      | Offered knowledge of Freeze by Vehumet.
  8378 | D:8      | Killed Psyche
  8378 | D:8      | Reached XP level 10. HP: 39/54 MP: 3/24
  8455 | D:8      | Killed a spiny frog
  8571 | D:8      | Found a staircase to the Lair.
  8609 | D:8      | Killed Maurice
  8667 | D:8      | Found a glowing golden altar of the Shining One.
  8784 | D:8      | Reached skill level 10 in Fire Magic
  8892 | D:8      | Found a sacrificial altar of Ru.
  8942 | D:8      | Huge Dmg: 20 Dmg
  9075 | D:8      | Noticed a hornet
  9078 | D:8      | Huge Dmg: 18 Dmg
  9078 | D:8      | Noticed a fire crab
  9078 | D:8      | a hornet changed into a fire crab
  9080 | D:8      | Huge Dmg: 39 Dmg
  9080 | D:8      | a fire crab changed into a polar bear
  9081 | D:8      | HP: 3/84 [polar bear (shapeshifter)] (18)]
  9082 | D:8      | Huge Dmg: 19 Dmg
  9082 | D:8      | Slain by a polar bear (shapeshifter)

Action                   |  1- 3 |  4- 6 |  7- 9 | 10-12 || total
-------------------------+-------+-------+-------+-------++-------
Melee: Mace              |     7 |       |       |       ||     7
       Short sword       |    17 |    22 |   197 |       ||   236
       Trident           |       |       |   108 |    14 ||   122
 Cast: Flame Tongue      |    36 |    61 |    39 |     8 ||   144
       Throw Flame       |     5 |     7 |     9 |     1 ||    22
       Sticky Flame      |       |     4 |    37 |     9 ||    50
       Fireball          |       |       |     1 |     3 ||     4
  Use: Scroll            |     5 |     4 |     9 |     2 ||    20
       Potion            |     1 |       |     3 |     3 ||     7
 Stab: Sleeping          |     1 |     1 |     8 |       ||    10
  Eat: Chunk             |     1 |     5 |     5 |     1 ||    12
       Fruit             |     1 |     3 |     4 |       ||     8
       Bread ration      |       |       |     3 |       ||     3
       Beef jerky        |       |       |     1 |       ||     1
